 Dungeon Crawl Stone Soup version 0.30-a0-782-ge64f9170bb (webtiles) character file.

Game seed: 2446806728649259630

2417 112233 the Merchant of Misery (level 9, 0/60 (70) HPs)
             Began as a Demonspawn Necromancer on Feb 28, 2023.
             Was a Believer of Kikubaaqudgha.
             Slain by an orc wizard
             ... wielding a +2 dagger of draining
              (1 damage)
             ... on level 6 of the Dungeon.
             The game lasted 00:10:30 (8236 turns).

112233 the Merchant of Misery (DsNe)                Turns: 8236, Time: 00:10:31

HP:   0/60 (70)     AC:  4    Str:  8      XL:     9   Next: 24%
MP:   3/19          EV: 14    Int: 21      God:    Kikubaaqudgha [**....]
Gold: 392           SH:  0    Dex: 13 (14) Spells: 10/22 levels left

rFire   . . .      SeeInvis .    m - +1 flail (protect)
rCold   . . .      Faith    .    (no shield)
rNeg    . . .      Spirit   .    a - +0 robe
rPois   .          Reflect  .    (no helmet)
rElec   .          Harm     .    (no cloak)
rCorr   .          Rampage  .    (no gloves)
Will    .....                    (no boots)
Stlth   ++                       (no amulet)
HPRegen 0.30/turn                (no ring)
MPRegen 0.16/turn                (no ring)

@: lethally poisoned (0 -> -8), attractive, animating dead, heavily drained
A: rugged brown scales 2, ignite blood 1, demonic magic 2
a: Renounce Religion, Unearth Wretches


You were on level 6 of the Dungeon.
You worshipped Kikubaaqudgha.
Kikubaaqudgha was pleased with you.
You visited 2 branches of the dungeon, and saw 9 of its levels.

You collected 392 gold pieces.

Inventory:

Hand Weapons
 k - a +0 dagger
 m - a +1 flail of protection (weapon)
 n - a +0 quarterstaff
Armour
 a - a +0 robe (worn)
 r - the +2 plate armour "Enturing" {Will+ Str+4 Int-4}
   (You found it on level 4 of the Dungeon)

   Str:       It affects your strength (+4).
   Int:       It affects your intelligence (-4).
   Will:      It increases your willpower.
 t - a +2 buckler
Wands
 d - a wand of digging (3)
Scrolls
 b - 2 scrolls of teleportation
 c - 5 scrolls of identify {unknown}
 f - 4 scrolls of blinking {unknown}
 i - 2 scrolls of fog {unknown}
 j - a scroll of immolation {unknown}
 l - a scroll of amnesia {unknown}
 p - a scroll of noise {unknown}
 s - 2 scrolls of enchant armour {unknown}
Potions
 e - 2 potions of cancellation
 g - 4 potions of might
 h - a potion of flight
 q - a potion of haste


   Skills:
 + Level 4.9 Fighting
 + Level 5.3 Dodging
 - Level 2.8 Stealth
 * Level 7.2 Spellcasting
 * Level 7.9 Necromancy


You had 10 spell levels left.
You knew the following spells:

 Your Spells              Type           Power      Damage    Failure   Level
a - Necrotise             Necr           100%       1d9       1%          1
b - Vampiric Draining     Necr           41%        2d8       1%          3
c - Animate Dead          Necr           41%        N/A       3%          4
d - Blink                 Tloc           14%        N/A       13%         2
e - Cigotuvi's Dreadful   Necr/Pois/Air  36%        N/A       4%          2

Your spell library contained the following spells:

 Spells                   Type           Power      Damage    Failure   Level
 Agony                    Necr           41%        N/A       9%          5
 Lesser Beckoning         Tloc           14%        N/A       13%         2
 Momentum Strike          Conj/Tloc      14%        3d8       13%         2
 Borgnjor's Vile Clutch   Necr/Erth      12%        N/A       43%         5
 Death Channel            Necr           20%        N/A       45%         6
 Summon Forest            Summ/Tloc      3%         N/A       94%         5
 Summon Mana Viper        Hex/Summ       7%         N/A       94%         5
 Summon Cactus Giant      Summ           3%         N/A       100%        6


Dungeon Overview and Level Annotations

Branches:
Dungeon (8/15)             Temple (1/1) D:5
   Lair: D:8-11

Altars:
Ashenzari
Fedhas
Hepliaklqana
Kikubaaqudgha
Makhleb
Nemelex Xobeh
Okawaru
Qazlal
Ru
Sif Muna
Trog
Uskayaw
Wu Jian
Xom
Yredelemnul

Shops:
D:2 [

Annotations:
D:5 exclusion: downstairs, Dowan, Duvessa
D:7 2 transporters, NoOffense's ghost, novice TrMo


Innate Abilities, Weirdness & Mutations

You are mostly covered in rugged brown scales. (AC +2, +5% HP)
Your demonic aura sometimes causes spilled blood to erupt in flames.
Spells you cast may paralyse nearby enemies.


Message History

The orc hits your orc wizard zombie with a +0 club.
The orc closely misses you.
The orc hits your orc zombie with a +0 war axe.
Your orc wizard zombie closely misses the water moccasin.
Your orc zombie hits the orc but does no damage.
The water moccasin bites you.
Your orc zombie hits something.
You are too injured to fight recklessly!
Unknown command.
You miss the water moccasin.
The water moccasin is lightly wounded.
You feel very sick. Something hits you but does no damage. Something hits you.
You feel drained.
The orc hits your orc wizard zombie with a +0 club.
The orc misses you.
The orc hits your orc zombie with a +0 war axe.
Your orc zombie is destroyed!
The water moccasin closely misses you.
Your orc wizard zombie barely misses the water moccasin.
The orc closely misses you.
You hear some strange, mumbled words.
Something tries to affect you, but you resist.
Something hits you.
You feel drained.
* * * LOW HITPOINT WARNING * * *
Your orc zombie barely misses something.
The orc barely misses your orc wizard zombie.
The water moccasin closely misses you.
It was a potion of attraction.
You feel attractive to monsters.
You feel very sick. The water moccasin bites you!
* * * LOW HITPOINT WARNING * * *
Your orc wizard zombie misses the water moccasin.
Something hits you.
* * * LOW HITPOINT WARNING * * *
The orc hits your orc wizard zombie with a +0 club.
Something hits you.
* * * LOW HITPOINT WARNING * * *
You feel drained.
You die...
Kikubaaqudgha rasps: "You have failed me!
Welcome... death!"

##..... ......#
....... .
....... ...
####.......
##..#....Z.....
.......{{)/....
.....).@SZ.....
.......o)o.....
........######.
#########


You could see a water moccasin (ally target), 2 orcs, a friendly orc zombie and
a friendly orc wizard zombie.

Vanquished Creatures
  2 steam dragons
  Edmund (D:5)
  A sky beast (D:7)
  An orc warrior (D:7)
  A black bear (D:5)
  A centaur (D:6)
  A phantom (D:4)
  2 bullfrogs (D:7)
  4 scorpions
  2 gnoll sergeants (D:5)
  A killer bee (D:5)
  6 hounds
  2 jellies
  5 orc priests
  7 iguanas
  4 orc wizards
  5 gnolls (D:5)
  3 adders
  A shadow imp (D:6)
  4 white imps
  A worm (D:5)
  24 orcs
  5 bats
  13 endoplasms
  3 giant cockroaches
  3 goblins
  9 hobgoblins
  2 jackals (D:2)
  2 quokkas
  8 ball pythons
  5 kobolds
  6 rats
135 creatures vanquished.

Vanquished Creatures (collateral kills)
  A black bear (D:5)
  3 hounds (D:5)
  An orc priest (D:7)
  A gnoll (D:5)
  An adder (D:2)
  A shadow imp (D:5)
  2 orcs
  A jackal (D:2)
  A ball python (D:2)
12 creatures vanquished.

Vanquished Creatures (others)
  A killer bee zombie (D:5)
  A hound zombie (D:5)
  2 iguana zombies (D:5)
  5 orcs (D:6)
  2 gnoll zombies (D:5)
  6 orc zombies (D:6)
17 creatures vanquished.

Grand Total: 164 creatures vanquished

Notes
Turn   | Place    | Note
-------+----------+-------------------------------------------
     0 | D:1      | 112233 the Demonspawn Necromancer began the quest for the
                  | Orb.
     0 | D:1      | Reached XP level 1. HP: 13/13 MP: 3/3
   421 | D:1      | Gained mutation: Spells you cast may paralyse adjacent
                  | enemies. [demonic ancestry]
   421 | D:1      | Reached XP level 2. HP: 19/19 MP: 0/5
  1188 | D:2      | Reached XP level 3. HP: 3/24 MP: 0/6
  1372 | D:2      | Learned a level 3 spell: Vampiric Draining
  1751 | D:2      | Found Neipp's Armour Emporium.
  2642 | D:3      | Reached skill level 5 in Necromancy
  2642 | D:3      | Gained mutation: You are partially covered in rugged brown
                  | scales. (AC +1, +3% HP) [demonic ancestry]
  2642 | D:3      | Reached XP level 4. HP: 20/30 MP: 4/8
  2985 | D:3      | Found a hazy altar of Hepliaklqana.
  3604 | D:4      | Reached XP level 5. HP: 37/37 MP: 0/9
  3764 | D:4      | Reached skill level 1 in Fighting
  3843 | D:5      | Entered Level 5 of the Dungeon
  3843 | D:5      | Found a staircase to the Ecumenical Temple.
  3952 | Temple   | Entered the Ecumenical Temple
  4000 | Temple   | Became a worshipper of Kikubaaqudgha
  4043 | D:5      | Noticed a phantom
  4073 | D:4      | Killed a phantom
  4074 | D:4      | Gained mutation: You are mostly covered in rugged brown
                  | scales. (AC +2, +5% HP) [demonic ancestry]
  4074 | D:4      | Reached XP level 6. HP: 23/45 MP: 11/11
  4184 | D:4      | Identified the +2 plate armour "Enturing" {Will+ Str+4
                  | Int-4}
  4963 | D:4      | HP: 1/46 [orc/+0 flail (5)]
  5266 | D:4      | Learned a level 4 spell: Animate Dead
  5379 | D:5      | Reached XP level 7. HP: 35/53 MP: 2/13
  5609 | D:5      | Learned a level 2 spell: Blink
  5814 | D:5      | Noticed Duvessa
  5814 | D:5      | Noticed Dowan
  6133 | D:5      | Reached skill level 5 in Spellcasting
  6323 | D:5      | Reached * piety under Kikubaaqudgha
  6323 | D:5      | Received a gift from Kikubaaqudgha
  6324 | D:5      | Gained mutation: Spells you cast may paralyse nearby
                  | enemies. [demonic ancestry]
  6324 | D:5      | Reached XP level 8. HP: 29/60 MP: 5/16
  6437 | D:5      | Identified the +3 dagger "Demonbane" {heavy, Fragile +Blink
                  | Str+4}
  6467 | D:5      | Noticed Edmund
  6474 | D:5      | Killed Edmund
  6621 | D:5      | Identified the +1 leather armour "Cauni" {rF+}
  7186 | D:6      | Learned a level 2 spell: Cigotuvi's Dreadful Rot
  7300 | D:7      | Reached skill level 5 in Dodging
  7533 | D:7      | Gained mutation: Your demonic aura sometimes causes spilled
                  | blood to erupt in flames. [demonic ancestry]
  7533 | D:7      | Reached XP level 9. HP: 69/69 MP: 16/19
  7915 | D:7      | Found a transporter.
  7965 | D:7      | Found a transporter.
  7967 | D:7      | Noticed NoOffense's ghost (novice TrMo)
  8231 | D:6      | Reached ** piety under Kikubaaqudgha
  8236 | D:6      | HP: 1/61 [something (3)]
  8236 | D:6      | Slain by an orc wizard

Illustrated notes

Levels and vault maps discovered:
D:1:      dpeg_arrival_solitude, layout_loops_corners
D:2:      layout_loops_corners, serial_shops, nicolae_shop_trees
D:3:      layout_loops_ring, minitemple
D:4:      layout_basic
D:5:      cheibrodos_barr_body, layout_rooms, general_overflow_altar,
          minmay_temple_entry_large_hall, uniq_edmund, uniq_duvessa
D:6:      layout_rooms, corexii_corridor_pit
D:7:      layout_loops_ring, gammafunk_ghost_hive
D:8:      layout_basic, erik_lair_dragon, nicolae_shop_vocational
Temple:   nicolae_temple_bog_church

Skill      XL: |  1  2  3  4  5  6  7  8  9 |
---------------+----------------------------+-----
Stealth        | 2 |  2.8
Dodging        | 2 3 4 5 |  5.3
Necromancy     | 5 6 7 |  7.9
Spellcasting   | 3 4 5 6 7 |  7.2
Fighting       | 1 2 3 4 |  4.9

Action                     |  1- 3 |  4- 6 |  7- 9 || total
---------------------------+-------+-------+-------++-------
  Melee: Unarmed           |     2 |       |       ||     2
         Dagger            |     6 |     2 |       ||     8
         Flail             |       |    21 |   135 ||   156
         Punch             |       |       |     2 ||     2
   Cast: Necrotise         |    88 |    73 |    38 ||   199
         Vampiric Draining |       |     9 |    52 ||    61
         Animate Dead      |       |       |     7 ||     7
    Use: Potion            |     5 |     3 |     4 ||    12
         Scroll            |       |       |     1 ||     1
   Stab: Paralysed         |     3 |     6 |    36 ||    45
         Distracted        |       |       |     1 ||     1
         Sleeping          |       |       |     3 ||     3
 Armour: Robe              |     2 |    14 |    82 ||    98
  Dodge: Dodged            |     8 |    23 |   182 ||   213

Table legend: (Time is in decaauts)
 A = Elapsed time spent in this place.
 B = Non-inter-level travel time spent in this place.
 C = Inter-level travel time spent in this place.
 D = Time resting spent in this place.
 E = Time spent auto-exploring this place.
 F = Levels seen in this place.
 G = Mean time per level.
                   A        B        C        D        E       F      G
               +--------+--------+--------+--------+--------+-----+--------+
         Total |   8275 |   7955 |    320 |   1333 |   5521 |   9 |  919.4 |
       Dungeon |   8221 |   7920 |    301 |   1333 |   5496 |   8 | 1027.6 |
        Temple |     53 |     34 |     19 |      0 |     25 |   1 |   53.0 |
               +--------+--------+--------+--------+--------+-----+--------+

Top non-repeatable levels by time:
     D:5: 1923 daAuts
     D:4: 1892 daAuts
     D:2: 1430 daAuts
     D:1: 1125 daAuts
     D:7: 993 daAuts
     D:3: 743 daAuts
     D:6: 102 daAuts
  Temple: 53 daAuts
     D:8: 10 daAuts
